 Dungeon Crawl Stone Soup version 0.25.0-41-g26779e291d (webtiles) character file.

Game seed: 16612273353109653770

116 Aviak the Firebug (level 4, -1/33 HPs)
             Began as a Demonspawn Fire Elementalist on July 10, 2020.
             Slain by a scorpion (7 damage)
             ... on level 3 of the Dungeon.
             The game lasted 00:04:20 (3234 turns).

Aviak the Firebug (Demonspawn Fire Elementalist)    Turns: 3234, Time: 00:04:21

Health: -1/33      AC:  2    Str:  9    XL:     4   Next: 70%
Magic:  8/8        EV: 12    Int: 17    God:
Gold:   101        SH:  0    Dex: 13    Spells: 7/8 levels left

rFire    . . .     SeeInvis .   e - +0 short sword
rCold    . . .     Gourm    .   (no shield)
rNeg     . . .     Faith    .   a - +0 robe
rPois    .         Spirit   .   (no helmet)
rElec    .         Reflect  .   (no cloak)
rCorr    .         Harm     .   (no gloves)
MR       .....                  (no boots)
Stlth    +.........             (no amulet)
HPRegen  0.11/turn              (no ring)
MPRegen  0.11/turn              (no ring)

@: confused
A: claws 1, large bone plates 1
a: no special abilities


You were on level 3 of the Dungeon.
You were near starving.

You visited 1 branch of the dungeon, and saw 3 of its levels.

You collected 101 gold pieces.

Inventory:

Hand Weapons
 e - a +0 short sword (weapon)
Armour
 a - a +0 robe (worn)
Jewellery
 b - a +6 ring of dexterity {unknown}
 l - a +6 ring of intelligence {unknown}
Scrolls
 d - 6 scrolls of identify {unknown}
 f - a scroll of teleportation {unknown}
 h - a scroll of fog {unknown}
 k - a scroll of noise {unknown}
 m - a scroll of magic mapping {unknown}
Potions
 j - a potion of cancellation {unknown}
 n - a potion of flight {unknown}
Comestibles
 c - a ration


   Skills:
 + Level 2.0 Fighting
 - Level 1.7 Dodging
 - Level 1.7 Stealth
 + Level 2.8 Spellcasting
 + Level 2.2 Conjurations
 + Level 3.4 Fire Magic


You had 7 spell levels left.
You knew the following spells:

 Your Spells              Type           Power        Failure   Level  Hunger
a - Foxfire               Conj/Fire      ##..         5%          1    #......

Your spell library contained the following spells:

 Spells                   Type           Power        Failure   Level  Hunger
 Conjure Flame            Conj/Fire      ##......     17%         3    ###....
 Inner Flame              Hex/Fire       #.......     26%         3    ###....
 Sticky Flame             Conj/Fire      ##......     50%         4    #####..
 Fireball                 Conj/Fire      ##........   83%         5    ######.


Dungeon Overview and Level Annotations

Branches:
Dungeon (3/15)

Altars:
Yredelemnul


Innate Abilities, Weirdness & Mutations

You have sharp fingernails.
You are partially covered in large bone plates. (SH +4)


Message History

* * * LOW HITPOINT WARNING * * *
The scorpion stings you but does no damage.
Unknown command.
You bump into the rock wall.
The orc wizard points at you and mumbles some strange words.
The magic dart hits you.
* * * LOW HITPOINT WARNING * * *
The scorpion misses you.
You miss the scorpion.
The scorpion is severely wounded.
The orc wizard hits you with a +0 dagger.
* * * LOW HITPOINT WARNING * * *
The scorpion stings you.
* * * LOW HITPOINT WARNING * * *
The orc wizard completely misses you.
Unknown command.
You barely miss the scorpion.
The scorpion is severely wounded.
The scorpion stings you!
You die...

#.# #.# #....
##.####.######.##.#
#............... ..
##.####.######.# .
#...o...# #.# .
#.####..# #.# #..#
#s# #..#####.# #@#
#........# #o#
#..####### #.#
#..######## #[#
#.....[.... #.#
##.######.# #.# #.#
#.# #.# #.# #.# #.#
#.#


You could see a scorpion and an orc wizard.

Vanquished Creatures
  A gnoll (D:1)
  3 adders
  An ooze (D:1)
  2 worms (D:2)
  2 dart slugs
  2 leopard geckos (D:2)
  4 orcs (D:3)
  3 bats
  4 giant cockroaches
  11 goblins
  3 hobgoblins
  3 jackals (D:2)
  7 kobolds
  2 quokkas (D:2)
  A ball python (D:2)
  2 frilled lizards (D:2)
  7 rats
58 creatures vanquished.

Vanquished Creatures (collateral kills)
  A frilled lizard (D:1)
1 creature vanquished.

Vanquished Creatures (others)
  162 foxfires
162 creatures vanquished.

Grand Total: 221 creatures vanquished

Notes
Turn   | Place    | Note
-------+----------+-------------------------------------------
     0 | D:1      | Aviak the Demonspawn Fire Elementalist began the quest for
                  | the Orb.
     0 | D:1      | Reached XP level 1. HP: 13/13 MP: 3/3
   228 | D:1      | Gained mutation: You have sharp fingernails. [demonic
                  | ancestry]
   228 | D:1      | Reached XP level 2. HP: 10/20 MP: 5/5
   731 | D:1      | Reached skill level 1 in Fighting
   731 | D:1      | Reached skill level 3 in Fire Magic
   949 | D:1      | Gained mutation: You are partially covered in large bone
                  | plates. (SH +4) [demonic ancestry]
   949 | D:1      | Reached XP level 3. HP: 23/26 MP: 6/6
  2208 | D:2      | Reached XP level 4. HP: 23/33 MP: 0/7
  2304 | D:2      | Found a basalt altar of Yredelemnul.
  3234 | D:3      | Slain by a scorpion

Illustrated notes

Levels and vault maps discovered:
D:1:      eino_arrival_cavern_b, layout_basic
D:2:      layout_loops_cross, old_standard_altar, serial_park_tiny_2
D:3:      layout_basic, minmay_ruptured

Skill      XL: |  1  2  3  4 |
---------------+-------------+-----
Fighting       | 1 2 |  2.0
Fire Magic     | 3 |  3.4
Conjurations   | 2 |  2.2
Dodging        | |  1.7
Stealth        | |  1.7
Spellcasting   | |  2.8

Action                   |  1- 3 |  4- 6 || total
-------------------------+-------+-------++-------
Melee: Short sword       |    36 |    43 ||    79
       Unarmed           |     2 |       ||     2
 Cast: Foxfire           |    70 |    39 ||   109
  Use: Potion            |       |     2 ||     2
 Stab: Sleeping          |     3 |     1 ||     4
  Eat: Chunk             |     5 |     1 ||     6
Armor: Robe              |    11 |     3 ||    14
Dodge: Dodged            |    31 |    32 ||    63
Block: Other             |     6 |    14 ||    20
